AoeStats
← 42afurnace

Arabia

509279374Analyzed
2v2 RM · 7d ago on Sep 26, 2026· 32m 10s· 4 players
Game mode
Random Map
Map size
Medium (4 player)
Population
200
Speed
Normal
Resources
Standard
Victory
Conquest
Starting age
Dark Age
Ending age
Imperial Age
RankedLock teamsTeams togetherTeam positionsShared explorationLock speedFull tech treeHidden civsTurbo modeCheats
Victory
Defeat
🇨🇦 Danes · Canada
1179
+16
🇨🇦 Franks · Canada
1179
+16
🇺🇸 Magyars · United States
1180
-16
🇺🇸 Vietnamese · United States
1179
-16
Reaper
6:09 Loom
9:17 Feudal Age
10:02 Double-Bit Axe
14:22 Fletching
17:55 Horse Collar
23:43 Castle Age
21:54 Gold Mining
24:02 Crossbowman
24:38 Bodkin Arrow
24:57 Bow Saw
Bodi MIller
6:52 Loom
9:44 Feudal Age
11:17 Double-Bit Axe
14:40 Horse Collar
21:10 Wheelbarrow
24:15 Castle Age
24:05 Scale Barding Armor
42afurnace
9:04 Loom
10:55 Feudal Age
22:14 Castle Age
21:06 Scale Barding Armor
21:13 Double-Bit Axe
25:11 Forging
25:41 Chain Barding Armor
25:57 Husbandry
BigDog 420 Xo
10:22 Feudal Age
8:38 Loom
11:01 Horse Collar
11:31 Double-Bit Axe
21:36 Castle Age
19:59 Fletching
22:18 Elite Skirmisher
22:21 Pikeman
24:06 Bow Saw
24:28 Bodkin Arrow
24:39 Bodkin Arrow
28:02 Heavy Plow
28:25 Stone Mining
Connection lost

Rejoining the realm…

Still unreachable

The connection could not be restored.

Session expired

The server has moved on; the page needs a fresh start.